 Dungeon Crawl Stone Soup version 0.27.0-1-g7a089689b8 (webtiles) character file.

Game seed: 12104058599252660158

46 mrzisme the Magician (level 3, 0/27 HPs)
             Began as a Djinni Fire Elementalist on Aug 16, 2021.
             Slain by an ogre (24 damage)
             ... on level 4 of the Dungeon.
             The game lasted 00:05:22 (2550 turns).

mrzisme the Magician (Djinni Fire Elementalist)     Turns: 2550, Time: 00:05:22

Health: 0/27       AC:  3    Str:  7    XL:     3   Next: 95%
Gold:   209        EV: 12    Int: 17    God:
                   SH:  0    Dex: 13

rFire    + + .     SeeInvis .   c - +0 dagger
rCold    x . .     Faith    .   (no shield)
rNeg     . . .     Spirit   .   a - +0 robe
rPois    ∞         Reflect  .   (no helmet)
rElec    .         Harm     .   f - +0 cloak
rCorr    .         Rampage  .   (no gloves)
Will     .....                  (boots unavailable)
Stlth    ++........             (no amulet)
HPRegen  0.09/turn              (no ring)
MPRegen  0.00/turn              (no ring)

@: flying
A: sickness immunity, fire resistance 2, cold vulnerability 1, float, innate
caster, hp casting, extra vitality 1
a: no special abilities


You were on level 4 of the Dungeon.
You visited 1 branch of the dungeon, and saw 4 of its levels.

You collected 209 gold pieces.

Inventory:

Hand Weapons
 c - a +0 dagger (weapon)
Armour
 a - a +0 robe (worn)
 f - a +0 cloak (worn)
Scrolls
 b - 3 scrolls of identify {unknown}
 h - a scroll of enchant armour {unknown}
 k - a scroll of holy word {unknown}
Potions
 d - a potion of magic {unknown}
 e - a potion of might {unknown}
 g - 4 potions of mutation {unknown}
 i - a potion of berserk rage {unknown}
 j - 2 potions of heal wounds {unknown}
 l - a potion of lignification {unknown}


   Skills:
 + Level 1.6 Fighting
 - Level 2.1 Dodging
 - Level 1.5 Stealth
 * Level 3.2 Spellcasting


You couldn't memorise any spells.
You knew the following spells:

 Your Spells              Type           Power      Damage    Failure   Level
a - Foxfire               Conj/Fire      52%        2x1d6     4%          1
b - Conjure Flame         Conj/Fire      13%        6-21      14%         3
c - Inner Flame           Hex/Fire       13%        N/A       14%         3
d - Sticky Flame          Conj/Fire      13%        2d4       41%         4
e - Fireball              Conj/Fire      6%         3d5       77%         5
f - Magic Dart            Conj           52%        1d5       4%          1
Your spell library was empty.

Dungeon Overview and Level Annotations

Branches:
Dungeon (4/15)
 Temple: D:4-7

Altars:


Innate Abilities, Weirdness & Mutations

You are immune to sickness and miasma.
You are immune to poison.
Your flesh is very heat resistant. (rF++)
You are vulnerable to cold. (rC-)
You float through the air rather than walking.
You learn spells naturally, not from books.
Your magical power is your life essence.
You have superior vitality. (+4 HP)


Message History

There is an open door here.
You now have 209 gold pieces (gained 11).
As you open the door, it creaks loudly!
You hear a shout!
There is an open door here.
You reach down and open the door.
There is an open door here.
You reach down and open the door.
Found a book of Flames.
There is an open door here.
An ogre comes into view. It is wielding a +0 giant club.
The ogre shouts!
Casting: Foxfire (safe; 4% risk of failure)
Confirm with . or Enter, or press ? or * to list all spells.
You conjure some foxfire!
The foxfire hits the ogre.
The ogre is lightly wounded.
The foxfire hits the ogre.
The ogre is lightly wounded.
Casting: Foxfire (safe; 4% risk of failure)
Confirm with . or Enter, or press ? or * to list all spells.
You conjure some foxfire!
The foxfire hits the ogre.
The ogre is moderately wounded.
The foxfire hits the ogre.
The ogre is heavily wounded.
Casting: Foxfire (safe; 4% risk of failure)
Confirm with . or Enter, or press ? or * to list all spells.
You conjure some foxfire!
The foxfire hits the ogre.
The ogre is heavily wounded.
The foxfire hits the ogre.
The ogre is severely wounded.
Casting: Foxfire (safe; 4% risk of failure)
Confirm with . or Enter, or press ? or * to list all spells.
Okay, then.
Casting: Foxfire (safe; 4% risk of failure)
Confirm with . or Enter, or press ? or * to list all spells.
You conjure some foxfire!
The ogre hits you with a +0 giant club!!
Ouch! That really hurt!
You die...

# #...... ..###.....
#.?...:..############
#........#....#.....#
#........#....#.....#
#........'....'.....#
#........###'########
#........Ov...##...##
#........@....'.....#
#........v....#.....#
#.............#.....#
#.............##...#######
..###+####.....#...#......
.. #.....#...#......
#.....+...#......
#.(...#...'...... ..
#...#......


You could see an ogre (ally target).

Vanquished Creatures
  A dart slug (D:1)
  An orc (D:3)
  3 endoplasms
  2 goblins (D:2)
  7 hobgoblins
  6 jackals
  5 kobolds
  A quokka (D:2)
  2 ball pythons (D:2)
  3 bats
  3 frilled lizards
  5 rats
39 creatures vanquished.

Vanquished Creatures (others)
  101 foxfires
  2 plants (D:2)
103 creatures vanquished.

Grand Total: 142 creatures vanquished

Notes
Turn   | Place    | Note
-------+----------+-------------------------------------------
     0 | D:1      | mrzisme the Djinni Fire Elementalist began the quest for
                  | the Orb.
     0 | D:1      | Reached XP level 1. HP: 15/15 MP: 0/0
   308 | D:1      | Reached XP level 2. HP: 17/22 MP: 0/0
   658 | D:1      | Found a faded altar of an unknown god.
   776 | D:1      | Reached skill level 1 in Fighting
  1321 | D:2      | Reached XP level 3. HP: 22/27 MP: 0/0
  1321 | D:2      | Learned a level 1 spell: Magic Dart
  1532 | D:2      | Reached skill level 3 in Spellcasting
  2539 | D:4      | Noticed an ogre
  2550 | D:4      | Slain by an ogre

Illustrated notes

Levels and vault maps discovered:
D:1:      lemuel_arrival_rhombus, layout_basic, basic_ecumenical_altar
D:2:      layout_basic, guppyfry_early_lair_pool
D:3:      layout_rooms
D:4:      layout_gridville

Skill      XL: |  1  2  3 |
---------------+----------+-----
Fighting       | 1 |  1.6
Spellcasting   | 3 |  3.2
Dodging        | |  2.1
Stealth        | |  1.5

Action                   || total
-------------------------++-------
 Cast: Foxfire           ||    75
Armor: Robe              ||    11
Dodge: Dodged            ||    35
